 Dungeon Sprint DCSS version 0.31-a0-704-g1016066182 (webtiles) character file.

Game seed: 11363529421647201244

17388 Conn the Eclecticist (level 12, -11/72 HPs)
             Began as an Octopode Fire Elementalist on Sept 9, 2023.
             Was a High Priest of Sif Muna.
             Mangled by a fire giant
             ... wielding a +0 great sword of flaming
              (22 damage)
             ... in the Dungeon (Sprint I: "Red Sonja").
             The game lasted 00:40:46 (4386 turns).

Conn the Eclecticist (Octopode Fire Elementalist)   Turns: 4386, Time: 00:40:47

Health: -11/72     AC:  1    Str:  7    XL:     12   Next: 47%
Magic:  16/43      EV: 14    Int: 22    God:    Sif Muna [*****.]
Gold:   149        SH:  5    Dex: 11    Spells: 5/47 levels left

rFire   + + .        n - +7 orcbow of Geqo Peol {speed, rF+ rN+ Will-}
rCold   + . .        (shield currently unavailable)
rNeg    + . .        (helmet restricted)
rPois   +            y - amulet of reflection
rElec   .            o - ring of poison resistance
rCorr   +            r - ring of fire
SInv    .            s - ring of ice
Will    .....        d - ring of protection from cold
Stlth   ++++         z - ring of magical power
HPRegen 0.32/turn    w - ring of protection from fire
MPRegen 0.28/turn    x - ring of resist corrosion
                     (no ring)

%: no teleportation, reflection
@: very slightly contaminated
A: almost no armour, amphibious, 8 rings, camouflage 1, gelatinous body 1,
(nimble swimmer 1), tentacles, clumsy 1
a: Renounce Religion, Channel Magic, Forget Spell, Divine Exegesis


You were in the Dungeon.
You worshipped Sif Muna.
Sif Muna was extremely pleased with you.
You visited 1 branch You collected 2548 gold pieces.
You spent 2399 gold pieces at shops.

Inventory:

Hand Weapons
 g - a +0 dagger
 k - a +1 dagger of distortion
 n - the +7 orcbow of Geqo Peol (weapon) {speed, rF+ rN+ Will-}
   (You bought it in a shop in the Dungeon)

   rF+:       It protects you from fire.
   rN+:       It protects you from negative energy.
   Will-:     It decreases your willpower.
Missiles
 l - a curare-tipped dart (quivered)
Armour
 t - a +0 hat
Jewellery
 d - a ring of protection from cold (on tentacle)
 o - a ring of poison resistance (left tentacle)
 r - a ring of fire (right tentacle)
 s - a ring of ice (on tentacle)
 w - a ring of protection from fire (on tentacle)
 x - a ring of resist corrosion (on tentacle)
 y - an amulet of reflection (around mantle)
 z - a ring of magical power (on tentacle)
Wands
 e - a wand of roots (2)
 j - a wand of charming (13)
 m - a wand of mindburst (10)
Scrolls
 c - a scroll of vulnerability
 f - a scroll of blinking
 i - a scroll of identify {unknown}
 p - a scroll of enchant armour {unknown}
 q - a scroll of torment {unknown}
Potions
 a - 2 potions of magic
 b - 2 potions of curing
 h - a potion of degeneration
 u - a potion of lignification


   Skills:
 + Level 3.1 Fighting
 + Level 3.4 Ranged Weapons
 + Level 2.5 Throwing
 + Level 5.5 Dodging
 - Level 5.1 Stealth
 + Level 18.2 Spellcasting
 + Level 12.2 Conjurations
 + Level 4.2 Hexes
 + Level 1.9 Translocations
 + Level 0.3 Transmutations
 + Level 16.5 Fire Magic
 - Level 5.0 Air Magic
 + Level 2.0 Poison Magic
 * Level 10.1 Invocations
 + Level 0.4 Evocations


You had 5 spell levels left.
You knew the following spells:

 Your Spells              Type           Power      Damage    Failure   Level
a - Foxfire               Conj/Fire      100%       2x1d9     0%          1
b - Scorch                Fire           100%       2d9       0%          2
c - Inner Flame           Hex/Fire       78%        N/A       1%          3
d - Flame Wave            Conj/Fire      90%        2d19      1%          4
e - Mephitic Cloud        Conj/Pois/Air  48%        N/A       1%          3
f - Iskenderun's Mystic   Conj/Tloc      50%        2d11      1%          4
g - Irradiate             Conj/Tmut      23%        3d19      5%          5
h - Starburst             Conj/Fire      45%        6d13      1%          6
i - Hailstorm             Conj/Ice       63%        3d13      1%          3
j - Plasma Beam           Fire/Air       39%        2x1d53    4%          6
k - Arcjolt               Conj/Air       27%        1d37      1%          5

Your spell library contained the following spells:

 Spells                   Type           Power      Damage    Failure   Level
 Shock                    Conj/Air       100%       1d9       1%          1
 Sting                    Tmut/Pois      100%       1d8       1%          1
 Jinxbite                 Hex            76%        N/A       1%          2
 Momentum Strike          Conj/Tloc      100%       3d10      1%          2
 Searing Ray              Conj           100%       2d8       1%          2
 Static Discharge         Conj/Air       100%       2-7/arc   1%          2
 Confusing Touch          Hex            38%        N/A       1%          3
 Dazzling Flash           Conj/Hex       100%       N/A       1%          3
 Volatile Blastmotes      Fire/Tloc      100%       2d18      1%          3
 Sticky Flame             Conj/Fire      90%        2d10      1%          4
 Freezing Cloud           Conj/Ice/Air   30%        6-21      7%          5
 Silence                  Hex/Air        20%        N/A       11%         5
 Petrify                  Tmut/Erth      20%        N/A       24%         4
 Summon Mana Viper        Hex/Summ       29%        N/A       30%         5
 Conjure Ball Lightning   Conj/Air       27%        3x3d8     12%         6
 Orb of Destruction       Conj           32%        9d10      14%         7
 Leda's Unmaking          Conj/Erth      23%        9d4       32%         6
 Spellforged Servitor     Conj/Summ      23%        N/A       87%         7
 Discord                  Hex            19%        N/A       100%        8
 Lehudib's Crystal Spear  Conj/Erth      23%        10d6      100%        8
 Maxwell's Capacitive Co  Air            21%        ∞         100%        8
 Chain Lightning          Conj/Air       27%        3d36      100%        9


Dungeon Overview and Level Annotations

Branches:
Dungeon (1/1)

Altars:
Cheibriados
Dithmenos
Elyvilon
Fedhas
Gozag
Hepliaklqana
Kikubaaqudgha
Makhleb
Nemelex Xobeh
Okawaru
Qazlal
Ru
Sif Muna
Trog
Uskayaw
Vehumet
Wu Jian
Xom
Yredelemnul
Zin
The Shining One
Jiyva
Lugonu

Shops:
D *[[(:?(=([[=?*?*[**[!


Innate Abilities, Weirdness & Mutations

You cannot wear most types of armour.
You are amphibious.
You can wear up to eight rings at the same time.
Your skin changes colour to match your surroundings (Stealth+).
Your rubbery body absorbs attacks. (AC +1, EV +1)
((You are camouflaged when in or above water. (Stealth+)))
You have tentacles for arms and can constrict up to eight enemies at once.
You are clumsy. (Dex -2)


Message History

Casting: Iskenderun's Mystic Blast (dangerous; 1% risk of failure)
Confirm with . or Enter, or press ? or * to list all spells.
You erupt in a blast of force!
The mystic blast hits the fire giant!
The fire giant is heavily wounded.
The fire giant is knocked back by the mystic blast.
Unknown command.
Casting: Iskenderun's Mystic Blast (dangerous; 1% risk of failure)
Confirm with . or Enter, or press ? or * to list all spells.
Aiming: Mephitic Cloud (safe; 1% risk of failure)
Press: ? - help, Shift-Dir - straight line, f/p - fire giant
Aim: a fire giant, wielding a +0 great sword of flaming (heavily wounded, chance to affect: 24%)
The ball explodes into a vile cloud!
The stinking cloud engulfs the fire giant but does no damage.
The fire giant is heavily wounded.
The fire giant is engulfed in noxious fumes.
The fire giant points at you and mumbles some strange words.
The fireball explodes!
The fireball engulfs you!! You resist.
* * * LOW HITPOINT WARNING * * *
Unknown command.
Unknown command.
You feel much better.
The fire giant is engulfed in noxious fumes.
Unknown command.
Casting: Mephitic Cloud (safe; 1% risk of failure)
Confirm with . or Enter, or press ? or * to list all spells.
You erupt in a blast of force!
The mystic blast hits the fire giant.
The fire giant is heavily wounded.
The fire giant is engulfed in noxious fumes.
The fire giant hits you with a +0 great sword of flaming!!
* * * LOW HITPOINT WARNING * * *
Unknown command.
Unknown command.
Casting: Iskenderun's Mystic Blast (dangerous; 1% risk of failure)
Confirm with . or Enter, or press ? or * to list all spells.
You erupt in a blast of force!
The mystic blast hits the fire giant but does no damage.
The fire giant is heavily wounded.
The fire giant is engulfed in noxious fumes.
The fire giant hits you with a +0 great sword of flaming!!
You die...

.'..#__#..)...#.)#§§§§+..§§§.'..#
.#..'..'..#).§##'#C####§§§§§##.§+
###'#__####..§'.C#§#[###.§.######
..#.####..#####.§'.#'#.###+#)..##
.##)#§~§§.#..##'####...#)#§##...#
'#_.')§§§§§§.#.○.☼°#...###§§###.#
..._#~~~§.#..#.°○°○°.....##.#)#.#
_.#'##+#####§###C°°#.....#..###.#
#'#.#%)(.###.'§#@..###++##.##...#
#.####'###.###§#.○###..###..#'###
...'.....'[∩##§#.☼####..###...#
...###########.##'#..#.○#.###.#
#.###.......##§##.#...○°....#.#
#'#.#.......§'§####...°.°...#.#
....#...######.#).'...°..####'#
).(.#........#.#####..°###....#
#####...§..§#§§# #####.C.####


You could see a fire giant.

Vanquished Creatures
  A daeva (D)
  A lorocyproca (D)
  A hydra (D)
  2 centaur warriors (D)
  4 demonic crawlers (D)
  Sonja (D)
  A deep troll (D)
  A lindwurm (D)
  An oklob plant (D)
  8 shining eyes (D)
  7 unseen horrors (D)
  A gargoyle (D)
  2 kobold demonologists (D)
  A meliai (D)
  A hornet (D)
  A slime creature (D)
  Sigmund (D)
  A yak (D)
  13 hogs (D)
  2 redbacks (D)
  6 floating eyes (D)
  An ogre (D)
  7 necrophages (D)
  8 jellies (D)
  Ijyb (D)
  2 ballistomycete spores (D)
76 creatures vanquished.

Vanquished Creatures (collateral kills)
  A floating eye (D)
1 creature vanquished.

Vanquished Creatures (others)
  55 foxfires (D)
55 creatures vanquished.

Grand Total: 132 creatures vanquished

Notes
Turn   | Place    | Note
-------+----------+-------------------------------------------
     0 | D        | Conn the Octopode Fire Elementalist began the quest for the
                  | Orb.
     0 | D        | Reached XP level 1. HP: 11/11 MP: 3/3
    29 | D        | Noticed Ijyb
    39 | D        | Killed Ijyb
    40 | D        | Reached skill level 3 in Spellcasting
    40 | D        | Reached XP level 2. HP: 11/17 MP: 0/6
    40 | D        | Reached XP level 3. HP: 13/21 MP: 0/7
   100 | D        | Learned a level 2 spell: Scorch
   104 | D        | Learned a level 3 spell: Inner Flame
   108 | D        | Noticed an ogre
   112 | D        | Killed an ogre
   113 | D        | Reached skill level 5 in Spellcasting
   113 | D        | Reached XP level 4. HP: 27/27 MP: 2/11
   194 | D        | Noticed Sigmund
   199 | D        | Killed Sigmund
   200 | D        | Reached skill level 5 in Stealth
   200 | D        | Reached skill level 6 in Spellcasting
   200 | D        | Reached skill level 5 in Conjurations
   200 | D        | Reached XP level 5. HP: 31/31 MP: 5/14
   200 | D        | Reached XP level 6. HP: 36/36 MP: 5/15
   207 | D        | Learned a level 4 spell: Flame Wave
   280 | D        | Found a shimmering blue altar of Sif Muna.
   281 | D        | Found an ornate altar of the Wu Jian Council.
   282 | D        | Found a radiant altar of Vehumet.
   286 | D        | Reached skill level 7 in Spellcasting
   298 | D        | Became a worshipper of Sif Muna the Loreminder
   302 | D        | Found Kumadeor's Weapon Emporium.
   302 | D        | Found an ancient bone altar of Kikubaaqudgha.
   302 | D        | Found a hazy altar of Hepliaklqana.
   302 | D        | Found a stormy altar of Qazlal.
   302 | D        | Found a hide-covered altar of Uskayaw.
   302 | D        | Found a blossoming altar of Fedhas.
   302 | D        | Found a bloodstained altar of Trog.
   302 | D        | Found an iron altar of Okawaru.
   302 | D        | Found a basalt altar of Yredelemnul.
   302 | D        | Found a glowing golden altar of the Shining One.
   302 | D        | Found a snail-covered altar of Cheibriados.
   302 | D        | Found a sacrificial altar of Ru.
   302 | D        | Found a glowing silver altar of Zin.
   302 | D        | Found a shadowy altar of Dithmenos.
   302 | D        | Found a white marble altar of Elyvilon.
   302 | D        | Noticed a yak
   308 | D        | Killed a yak
   309 | D        | Reached skill level 8 in Spellcasting
   311 | D        | Found an opulent altar of Gozag.
   312 | D        | Found a sparkling altar of Nemelex Xobeh.
   369 | D        | Found a burning altar of Makhleb.
   369 | D        | Found a viscous altar of Jiyva.
   369 | D        | Found a shimmering altar of Xom.
   369 | D        | Found a corrupted altar of Lugonu.
   369 | D        | Noticed a slime creature
   374 | D        | Killed a slime creature
   375 | D        | Reached skill level 9 in Spellcasting
   375 | D        | Reached XP level 7. HP: 39/41 MP: 9/19
   445 | D        | Noticed a kobold demonologist
   448 | D        | Noticed a kobold demonologist
   450 | D        | Reached * piety under Sif Muna
   451 | D        | Reached skill level 10 in Fire Magic
   451 | D        | Killed a kobold demonologist
   451 | D        | Killed a kobold demonologist
   452 | D        | Reached skill level 11 in Spellcasting
   452 | D        | Reached XP level 8. HP: 10/46 MP: 6/23
   608 | D        | Noticed Sonja
   612 | D        | Killed Sonja
   612 | D        | Reached ** piety under Sif Muna
   613 | D        | Reached skill level 12 in Spellcasting
   613 | D        | Reached XP level 9. HP: 51/51 MP: 15/25
   690 | D        | Found Imog's Assorted Antiques.
   698 | D        | Bought an ebony orcbow for 127 gold pieces
   698 | D        | Identified the +7 orcbow of Geqo Peol {speed, rF+ rN+
                  | Will-} (You bought it in a shop in the Dungeon)
   698 | D        | Bought a runed glass ring for 75 gold pieces
   720 | D        | Noticed a deep troll
   741 | D        | Killed a deep troll
   742 | D        | Reached skill level 13 in Spellcasting
   824 | D        | Found Raga's Armour Emporium.
   892 | D        | Noticed a centaur warrior
   901 | D        | Killed a centaur warrior
   902 | D        | Reached skill level 1 in Throwing
   938 | D        | Noticed a centaur warrior
   948 | D        | HP: 1/51 [centaur warrior (5)]
   949 | D        | Killed a centaur warrior
   950 | D        | Reached skill level 1 in Ranged Weapons
   950 | D        | Reached skill level 5 in Dodging
   950 | D        | Reached skill level 14 in Spellcasting
   950 | D        | Reached skill level 1 in Hexes
   950 | D        | Reached XP level 10. HP: 2/57 MP: 17/28
  1211 | D        | Reached *** piety under Sif Muna
  1350 | D        | Noticed an oklob plant
  1355 | D        | Killed an oklob plant
  1356 | D        | Reached skill level 1 in Fighting
  1532 | D        | Reached skill level 15 in Spellcasting
  1599 | D        | Reached **** piety under Sif Muna
  1610 | D        | Reached ***** piety under Sif Muna
  1739 | D        | Received a gift from Sif Muna
  1740 | D        | Killed an unseen horror
  1741 | D        | Reached skill level 10 in Conjurations
  1744 | D        | Killed an unseen horror
  1746 | D        | Got Sif Muna's Volume of Force {god gift}
  1905 | D        | Received a gift from Sif Muna
  1909 | D        | Got Sif Muna's Collected Works on Forceful Shapes {god
                  | gift}
  1911 | D        | Found Wischariy's General Store.
  1912 | D        | Found Pewk's Assorted Antiques.
  1913 | D        | Found Caby's Distillery.
  1914 | D        | Identified the +4 ring mail "Mifyph" {rN+ rCorr}
  1919 | D        | Identified the +0 ring mail of the Screaming Gods {*Corrode
                  | rElec Will++ Stlth+}
  1930 | D        | Found Seull's Antique Armour Boutique.
  1930 | D        | Found Juret's General Store.
  1930 | D        | Found Dopnom's Magic Scroll Shop.
  1930 | D        | Found Seull's Assorted Antiques.
  1930 | D        | Found Houpsut's Magic Scroll Boutique.
  1930 | D        | Found Nyeppionesuf's Jewellery Shoppe.
  1930 | D        | Found Zoeptyem's Antique Armour Shop.
  1934 | D        | Found Duc Lag's Antique Armour Emporium.
  1935 | D        | Found Joryxton's Antique Weapon Boutique.
  1935 | D        | Found Wisoj's Jewellery Shoppe.
  1936 | D        | Found Jegucs's Weapon Shop.
  2001 | D        | Learned a level 3 spell: Mephitic Cloud
  2006 | D        | Learned a level 4 spell: Iskenderun's Mystic Blast
  2012 | D        | Learned a level 5 spell: Irradiate
  2031 | D        | Noticed a shining eye
  2031 | D        | Noticed a shining eye
  2031 | D        | Noticed a shining eye
  2034 | D        | Paralysed by a floating eye for 3 turns
  2040 | D        | Paralysed by a floating eye for 4 turns
  2048 | D        | Paralysed by a floating eye for 4 turns
  2054 | D        | Paralysed by a floating eye for 2 turns
  2057 | D        | Paralysed by a floating eye for 2 turns
  2057 | D        | Noticed a shining eye
  2060 | D        | Paralysed by a floating eye for 2 turns
  2066 | D        | Paralysed by a floating eye for 2 turns
  2072 | D        | Paralysed by a floating eye for 4 turns
  2077 | D        | Killed a shining eye
  2078 | D        | Reached skill level 1 in Invocations
  2079 | D        | Paralysed by a floating eye for 3 turns
  2080 | D        | Reached skill level 16 in Spellcasting
  2083 | D        | Killed a shining eye
  2084 | D        | Reached XP level 11. HP: 64/64 MP: 12/31
  2169 | D        | Noticed a shining eye
  2169 | D        | Noticed a shining eye
  2186 | D        | Killed a shining eye
  2259 | D        | Killed a shining eye
  2335 | D        | Paralysed by a floating eye for 4 turns
  2337 | D        | Noticed a shining eye
  2344 | D        | Paralysed by a floating eye for 4 turns
  2351 | D        | Paralysed by a floating eye for 2 turns
  2351 | D        | Killed a shining eye
  2351 | D        | Received a gift from Sif Muna
  2352 | D        | Reached skill level 1 in Poison Magic
  2355 | D        | Gained mutation: You are clumsy. (Dex -2) [a shining eye]
  2360 | D        | Killed a shining eye
  2361 | D        | Reached skill level 5 in Invocations
  2362 | D        | Killed a shining eye
  2363 | D        | Reached skill level 1 in Air Magic
  2441 | D        | Noticed a shining eye
  2462 | D        | Killed a shining eye
  2534 | D        | Found Rics's Book Shop.
  2534 | D        | Found Qivve's Antique Armour Shoppe.
  2534 | D        | Found Wawehao's Magic Scroll Boutique.
  2534 | D        | Found Mukax's Antique Armour Emporium.
  2558 | D        | Learned a level 6 spell: Starburst
  2561 | D        | Bought a scroll of blinking for 75 gold pieces
  2623 | D        | Bought a ring of fire for 275 gold pieces
  2624 | D        | Bought a ring of ice for 275 gold pieces
  2630 | D        | Bought a hat for 92 gold pieces
  2633 | D        | Bought a potion of lignification for 30 gold pieces
  2633 | D        | Bought a potion of lignification for 30 gold pieces
  2633 | D        | Bought a potion of heal wounds for 50 gold pieces
  2681 | D        | Noticed a demonic crawler
  2681 | D        | Noticed a demonic crawler
  2681 | D        | Noticed a demonic crawler
  2681 | D        | Noticed a demonic crawler
  2682 | D        | Killed a demonic crawler
  2683 | D        | Reached skill level 15 in Fire Magic
  2683 | D        | Killed a demonic crawler
  2683 | D        | Killed a demonic crawler
  2683 | D        | Received a gift from Sif Muna
  2683 | D        | Killed a demonic crawler
  2684 | D        | Reached skill level 17 in Spellcasting
  2684 | D        | Got Sif Muna's Folio of the Sky and Conjuration {god gift}
  2689 | D        | Learned a level 3 spell: Hailstorm
  2696 | D        | Learned a level 6 spell: Plasma Beam
  2774 | D        | Noticed a lindwurm
  2777 | D        | Killed a lindwurm
  2816 | D        | Received a gift from Sif Muna
  2817 | D        | Reached XP level 12. HP: 24/72 MP: 5/33
  2974 | D        | Killed a lorocyproca
  3214 | D        | Bought a ring of protection from cold for 275 gold pieces
  3262 | D        | Received a gift from Sif Muna
  3263 | D        | Got Sif Muna's Tome of the Nimbus {god gift}
  3276 | D        | Got Sif Muna's Annotations on the Fey Discharge {god gift}
  3291 | D        | Learned a level 5 spell: Arcjolt
  3295 | D        | Noticed a 12-headed hydra
  3297 | D        | Reached skill level 1 in Translocations
  3301 | D        | Killed a 12-headed hydra
  3407 | D        | Noticed a daeva
  3598 | D        | Killed a daeva
  3599 | D        | Reached skill level 18 in Spellcasting
  3599 | D        | Reached skill level 5 in Air Magic
  3612 | D        | Received a gift from Sif Muna
  3613 | D        | Reached skill level 10 in Invocations
  3614 | D        | Got Sif Muna's Opusculum on Enthralling Orogeny {god gift}
  3912 | D        | Noticed a fire giant
  4249 | D        | Bought a ring of protection from fire for 275 gold pieces
  4249 | D        | Bought a ring of resist corrosion for 220 gold pieces
  4252 | D        | Bought an amulet of reflection for 360 gold pieces
  4252 | D        | Bought a ring of magical power for 240 gold pieces
  4335 | D        | Noticed a fire giant
  4386 | D        | Mangled by a fire giant

Illustrated notes

Levels and vault maps discovered:
D:        dungeon_sprint_1 [red_sonja_temple_1, red_sonja_temple_small_1]

Skill      XL: |  1  2  3  4  5  6  7  8  9 10 11 12 |
---------------+-------------------------------------+-----
Stealth        | 3 4 5 |  5.1
Spellcasting   | 3 5 6 9 11 12 14 16 17 18 | 18.2
Conjurations   | 2 3 5 6 7 8 9 10 11 12 | 12.2
Fire Magic     | 4 6 8 9 11 12 14 15 16 | 16.5
Dodging        | 3 4 5 |  5.5
Throwing       | 1 2 |  2.5
Ranged Weapons | 1 2 3 |  3.4
Hexes          | 1 2 3 4 |  4.2
Fighting       | 1 2 3 |  3.1
Invocations    | 2 8 10 | 10.1
Poison Magic   | 1 2 |  2.0
Air Magic      | 3 5 |  5.0
Translocations | 1 |  1.9
Transmutations | |  0.3
Evocations     | |  0.4

Action                     |  1- 3 |  4- 6 |  7- 9 | 10-12 || total
---------------------------+-------+-------+-------+-------++-------
  Melee: Unarmed           |     8 |       |       |       ||     8
         Constrict         |     1 |       |       |       ||     1
   Fire: Orcbow            |       |       |     2 |    18 ||    20
  Throw: Dart              |       |       |     7 |     3 ||    10
   Cast: Foxfire           |     5 |     4 |     5 |    19 ||    33
         Scorch            |     2 |     7 |    10 |    47 ||    66
         Flame Wave        |       |     1 |     3 |    18 ||    22
         Inner Flame       |       |       |     3 |    12 ||    15
         Mephitic Cloud    |       |       |       |    10 ||    10
         Starburst         |       |       |       |     9 ||     9
         Spellforged Servi |       |       |       |     2 ||     2
         Chain Lightning   |       |       |       |     1 ||     1
         Iskenderun's Myst |       |       |       |    14 ||    14
         Irradiate         |       |       |       |     2 ||     2
         Hailstorm         |       |       |       |     1 ||     1
 Invoke: Divine Exegesis   |       |       |       |     3 ||     3
         Channel Magic     |       |       |       |     3 ||     3
  Evoke: Wand              |       |       |     1 |       ||     1
    Use: Potion            |     1 |       |     3 |     8 ||    12
         Scroll            |       |       |       |     2 ||     2
 Armour: Skin              |     1 |     1 |    16 |    61 ||    79
  Dodge: Dodged            |     3 |     1 |     8 |    16 ||    28

Table legend: (Time is in decaauts)
 A = Elapsed time spent in this place.
 B = Non-inter-level travel time spent in this place.
 C = Inter-level travel time spent in this place.
 D = Time resting spent in this place.
 E = Time spent auto-exploring this place.
 F = Levels seen in this place.
 G = Mean time per level.
                   A        B        C        D        E       F      G
               +--------+--------+--------+--------+--------+-----+--------+
         Total |   4368 |   4223 |    145 |   2462 |      0 |   1 | 4368.0 |
       Dungeon |   4368 |   4223 |    145 |   2462 |      0 |   1 | 4368.0 |
               +--------+--------+--------+--------+--------+-----+--------+

Top non-repeatable levels by time:
       D: 4368 daAuts
